cohdb
Replays
Latest Replays
All Replays
Popular Replays
Top Player Replays
Match Explorer
How It Works
Community
CoH3 Stats
Reddit
Sign in to upload your games and track your stats! →
Sign in with Steam
Match 42181496
Unlisted
Match 42181496
Overview
Messages
Build Orders
End
Engineer Squad
Construct Barracks
Selects Advanced Infantry Battlegroup
Riflemen Squad
M1 Mortar Team
Riflemen Squad
Selects Convert to Ranger Squad
Convert to Ranger Squad
Selects Frontline Medical Station
Frontline Medical Station
Convert to Ranger Squad
Selects Artillery Observers
Infantry Support Center
Advanced Logistics
Selects M2A1 105mm Howitzer Emplacement
Survival Training
Selects Infantry Assault
Infantry Assault
Frontline Medical Station
Selects 155mm Rapid Artillery Barrage
155mm Rapid Artillery Barrage
Infantry Assault
iPlayThisNaked
Monkey CPU
.
szwed
Kaalar
Kylen
runningDuck
Mattfield27
0
0
Comments
sign in to comment!
No comments posted yet!